 Dungeon Crawl Stone Soup version 0.30.0-29-ga12c61a403 (webtiles) character file.

Game seed: 13169078012051009271

8 BONEBRO the Poker (level 2, -6/26 HPs)
             Began as a Naga Gladiator on June 20, 2023.
             Mangled by a gnoll
             ... wielding a +0 flail
              (12 damage)
             ... on level 1 of the Dungeon.
             The game lasted 00:00:54 (159 turns).

BONEBRO the Poker (Naga Gladiator)                   Turns: 159, Time: 00:00:55

Health: -6/26      AC:  3    Str: 16    XL:     2   Next: 8%
Magic:  2/2        EV: 10    Int:  8    God:
Gold:   29         SH:  0    Dex: 12    Spells: 1/1 levels left

rFire   . . .        a - +0 trident
rCold   . . .        (no shield)
rNeg    . . .        b - +0 leather armour
rPois   +            c - +0 helmet
rElec   .            (no cloak)
rCorr   .            (no gloves)
SInv    +            (no barding)
Will    .....        (no amulet)
Stlth   +            (no ring)
HPRegen 0.24/turn    (no ring)
MPRegen 0.08/turn

%: no passive effects
@: short of breath, very slow
A: AC +0, large, see invisible, deformed body, poison resistance, slowness 2,
spit poison 1, naga tail 1
a: Spit Poison


You were on level 1 of the Dungeon.
You visited 1 branch of the dungeon, and saw 1 of its levels.

You collected 29 gold pieces.

Inventory:

Hand Weapons
 a - a +0 trident (weapon)
Missiles
 d - 3 throwing nets (quivered)
 e - a javelin
Armour
 b - a +0 leather armour (worn)
 c - a +0 helmet (worn)
Scrolls
 f - a scroll of brand weapon {unknown}
Potions
 g - a potion of curing {unknown}


   Skills:
 - Level 2.0 Fighting
 + Level 3.5 Polearms
 - Level 1.7 Throwing
 - Level 2.4 Dodging


You had one spell level left.
You didn't know any spells.
Your spell library contained the following spells:

 Spells                   Type           Power      Damage    Failure   Level
 Chain Lightning          Conj/Air       0%         N/A       100%        9
 Fire Storm               Conj/Fire      0%         5d1       100%        9
 Shatter                  Erth           0%         3d5*      100%        9


Dungeon Overview and Level Annotations

Branches:
Dungeon (1/15)

Altars:


Innate Abilities, Weirdness & Mutations

Your serpentine skin is tough. (AC +0)
You have supernaturally acute eyesight. (SInv)
Armour fits poorly on your strangely shaped body.
Your system is resistant to poisons. (rPois)
You cover ground very slowly.
You can spit poison.
You have a snake-like lower body.


Message History

A bat comes into view.
Found 10 gold pieces.
You reach to attack!
You closely miss the bat. The bat barely misses you.
A ball python comes into view.
The bat barely misses you.
A goblin comes into view. It is wielding a +0 club.
The ball python hisses angrily.
The bat hits you but does no damage.
A hobgoblin and a gnoll come into view.
Found 2 pink potions.
The hobgoblin shouts!
The gnoll shouts!
The bat hits you.
An endoplasm comes into view.
The bat closely misses you.
You closely miss the bat. The bat hits you. The ball python closely misses you.
The bat barely misses you. The bat hits you.
The goblin attacks as you move away! The goblin hits you with a +0 club.
The bat barely misses you. The ball python bites you.
The bat attacks as you move away! The bat barely misses you.
The bat hits you but does no damage. The ball python bites you.
The goblin hits you with a +0 club.
The ball python attacks as you move away!
The ball python closely misses you.
You puncture the ball python!
You kill the ball python!
You barely miss the gnoll. The gnoll hits you with a +0 flail!
You hit the gnoll but do no damage. The gnoll hits you with a +0 flail.
* * * LOW HITPOINT WARNING * * *
Okay, then.
Unknown command.
Aiming: Spit Poison (2% risk of failure)
Press: ? - help, Shift-Dir - straight line, f - gnoll
Aim: a gnoll, wielding a +0 flail (65% to hit)
The splash of poison hits the gnoll.
The gnoll is lightly wounded.
The gnoll misses you.
You hit the gnoll.
The gnoll is moderately wounded.
The gnoll hits you with a +0 flail!
You die...

#.........#.#
#.........#.†#
####.###.###...
##.# #.# ##..#
#..# ..# #.#
#.###.## ...
#.# #.# ..# #.#
#.##### ##
#@##.......
#g#........
###g......$..
#...g.J......
#............
#............
#...........!
#............
#............


You could see a gnoll, a hobgoblin and a goblin.

Vanquished Creatures
  A dart slug (D:1)
  A giant cockroach (D:1)
  2 jackals (D:1)
  A ball python (D:1)
  A kobold (D:1)
6 creatures vanquished.

Notes
Turn   | Place    | Note
-------+----------+-------------------------------------------
     0 | D:1      | BONEBRO the Naga Gladiator began the quest for the Orb.
     0 | D:1      | Reached XP level 1. HP: 19/19 MP: 1/1
   111 | D:1      | Reached XP level 2. HP: 22/26 MP: 2/2
   159 | D:1      | Mangled by a gnoll

Illustrated notes

Levels and vault maps discovered:
D:1:      nzn_arrival_depleted_hourglass, layout_rooms

Action                     || total
---------------------------++-------
  Melee: Trident           ||    22
Ability: Spit Poison       ||     1
 Armour: Leather armour    ||     9
  Dodge: Dodged            ||    15
